 Dungeon Crawl Stone Soup version 0.21.1-1-g345015f (webtiles) character file.

1608 rlgrobin the Sneak (level 8, -1/70 (71) HPs)
             Began as a Ghoul Monk on Feb 5, 2018.
             Killed from afar by a gnoll (14 damage)
             ... with an exploding inner flame
             ... hexed by the player character
             ... on level 4 of the Dungeon.
             The game lasted 00:22:40 (4876 turns).

rlgrobin the Sneak (Ghoul Monk)                     Turns: 4876, Time: 00:22:42

HP:   -1/70 (71)    AC:  3    Str: 16    XL:     8   Next: 95%
MP:   7/7           EV: 14    Int:  5    God:
Gold: 88            SH:  0    Dex: 12    Spells: 7/7 levels left

rFire    . . .     SeeInvis .     - Unarmed
rCold    + . .     Gourm    .   (no shield)
rNeg     + + +     Faith    .   a - +1 robe
rPois    ∞         Spirit   .   (no helmet)
rElec    .         Reflect  .   (no cloak)
rCorr    .         Harm     .   (no gloves)
MR       +....                  (no boots)
Stlth    +++.......             g - amulet of regeneration
HPRegen  0.00/turn              (no ring)
MPRegen  0.10/turn              j - ring of protection from magic

@: rotting
A: rotting body, claws 1, carnivore, cold resistance 1, negative energy
resistance 3, inhibited regeneration, torment resistance, unbreathing
a: no special abilities


You were on level 4 of the Dungeon.
You were not hungry.

You visited 1 branch of the dungeon, and saw 5 of its levels.
You also visited: Ossuary.

You collected 88 gold pieces.


Innate Abilities, Weirdness & Mutations

Your body is rotting away.
You thrive on raw meat.
You are immune to poison.
You have sharp fingernails.
You are carnivorous and can eat meat at any time.
Your flesh is cold resistant. (rC+)
You are immune to negative energy. (rN+++)
You do not regenerate when monsters are visible.
You are immune to unholy pain and torment.
You can survive without breathing.


   Skills:
 + Level 6.8 Fighting
 + Level 5.6 Dodging
 + Level 6.8 Stealth
 + Level 6.8 Unarmed Combat


You had 7 spell levels left.
You didn't know any spells.

Inventory:

Armour
 a - a +1 robe (worn)
 e - a +0 buckler
 p - a +0 pair of boots
 r - a +0 pair of boots
Jewellery
 g - an amulet of regeneration (around neck)
 j - a ring of protection from magic (right claw)
 k - an uncursed amulet of magic regeneration
Scrolls
 c - a scroll of fog
 d - a scroll of remove curse
 f - a scroll of enchant weapon
 m - 3 scrolls of immolation {!r}
 u - a scroll of enchant armour
Potions
 h - a potion of flight
 i - a potion of magic
 l - 3 potions of haste {@q3}
 n - a potion of invisibility {unknown}
 o - 2 potions of cancellation
 q - 2 potions of curing {@q1}
 s - a potion of berserk rage {!q}
 t - a potion of lignification
Comestibles
 b - 5 rations
 v - a chunk of flesh

Dungeon Overview and Level Annotations

Branches:
Dungeon (5/15)
 Temple: D:4-7

Altars:
Ashenzari
Elyvilon
Kikubaaqudgha
Nemelex Xobeh
Qazlal
Ru
Wu Jian
Zin

Annotations:
D:4 Blork the orc, Prince Ribbit
D:5 Eustachio

▒.▒ ▒..▒...▒▒ ▒▒▒.▒ ▒.▒ ▒.▒
▒..▒▒▒▒▒ ▒...▒ ▒.▒ ▒.▒▒▒▒▒▒▒▒▒▒
▒..▒▒▒▒▒▒▒▒.▒▒▒ ▒.▒ ▒.▒........▒
▒...........▒▒ ▒.▒ ▒.▒.▒▒▒▒▒▒.▒
▒(▒▒▒▒▒▒▒▒▒..▒ ▒.▒ ▒.▒.▒
▒▒▒.▒▒▒▒.▒▒ ▒..▒ ▒.▒ ▒.▒.▒
▒.....▒###▒▒▒▒▒▒▒▒..▒▒▒▒.▒
..▒.▒▒▒▒.▒▒▒.▒##F###.............
..▒.▒▒...▒ ▒>▒5#n###.[..........▒
....▒▒.▒.▒▒▒.▒5▒▒▒▒▒▒▒▒▒▒..▒▒▒▒▒▒
..▒..........##▒ ▒..▒
..............▒▒▒▒▒▒▒▒▒▒▒.)▒
.▒▒▒▒▒.▒▒▒▒▒5..........)...▒ ..▒
▒.▒▒▒▒▒.▒▒▒▒▒▒▒▒▒▒▒▒▒.▒ ▒[▒
▒▒....................▒
▒)▒▒▒▒▒.▒▒▒▒▒▒▒▒▒▒▒▒▒▒▒▒▒▒▒▒
▒....▒▒.▒


You could see Prince Ribbit (inner flame), an iron imp and a crimson imp.


Message History

The gnoll hits you but does no damage!
Natasha mumbles some strange words!
Prince Ribbit hits you!!!
You take 11 damage, and have 47/70 hp!
The gnoll hits you but does no damage! Prince Ribbit completely misses you!
Things that are here:
a halberd; a gnoll skeleton Prince Ribbit blinks!!!
The gnoll barely misses you! Natasha claws you! The gnoll misses you!
Prince Ribbit misses you!
Things that are here:
a halberd; a gnoll skeleton You take 5 damage, and have 42/70 hp!
You eviscerate Natasha!
Natasha is heavily wounded!
Natasha closely misses you! Prince Ribbit completely misses you!
You eviscerate Natasha!!!
Natasha explodes!!!
The fiery explosion engulfs the crimson imp!
The crimson imp completely resists!
The fiery explosion engulfs the iron imp!
The iron imp completely resists!
The fiery explosion engulfs you!!! * * * don't die
* * * The fiery explosion engulfs the gnoll!
The gnoll explodes!!!
The fiery explosion engulfs the iron imp!
The iron imp completely resists!
The fiery explosion engulfs Prince Ribbit!
Prince Ribbit is almost dead!
The fiery explosion engulfs you!!! rip

Action                   |  1- 3 |  4- 6 |  7- 9 || total
-------------------------+-------+-------+-------++-------
Melee: Unarmed           |   112 |   317 |   151 ||   580
       Punch             |     4 |    14 |     3 ||    21
  Use: Scroll            |     6 |    14 |     3 ||    23
       Potion            |       |     4 |     5 ||     9
 Stab: Sleeping          |     2 |    12 |     7 ||    21
  Eat: Chunk             |    13 |    10 |     8 ||    31
       Ration            |       |     1 |       ||     1
Armor: Robe              |    26 |    18 |    18 ||    62
Dodge: Dodged            |   102 |   141 |    77 ||   320

Vault maps used:
D:1:      scummos_arrival_hexagon
D:2:      lemuel_round_altar, elyvilon_altar_5, st_stairs_6
D:3:      lemuel_doored_altar, old_standard_altar, grunt_qazlal_sundering
D:4:      nicolae_overflow_crystal_walls, nicolae_ossuary_entry_ruins,
          nemelex_diamond_rough_becter, uniq_blork_the_orc, uniq_menkaure,
          uniq_pikel, uniq_natasha
D:5:      basic_altar, first_ration, nicolae_ru_great_annihilating_truth,
          uniq_prince_ribbit1, uniq_grinder, uniq_eustachio
Ossuary:  ossuary_due_small_catacomb

Notes
Turn   | Place    | Note
-------+----------+-------------------------------------------
     0 | D:1      | rlgrobin the Ghoul Monk began the quest for the Orb.
     0 | D:1      | Reached XP level 1. HP: 19/19 MP: 0/0
   145 | D:1      | Reached XP level 2. HP: 16/26 MP: 1/1
   926 | D:2      | Reached XP level 3. HP: 29/31 MP: 2/2
   961 | D:2      | Reached skill level 3 in Dodging
  1068 | D:2      | Reached skill level 3 in Stealth
  1095 | D:2      | Reached XP level 4. HP: 23/40 MP: 3/3
  1182 | D:2      | Reached skill level 4 in Unarmed Combat
  1193 | D:2      | Found a glowing silver altar of Zin.
  1253 | D:2      | Found a white marble altar of Elyvilon.
  1383 | D:2      | Reached skill level 4 in Fighting
  1609 | D:3      | Found a stormy altar of Qazlal.
  1652 | D:3      | Reached XP level 5. HP: 45/45 MP: 4/4
  1680 | D:3      | Found an ornate altar of the Wu Jian Council.
  1884 | D:3      | Found a shattered altar of Ashenzari.
  2414 | D:4      | Found an ancient bone altar of Kikubaaqudgha.
  2540 | D:4      | Reached skill level 4 in Stealth
  2603 | D:4      | Reached XP level 6. HP: 49/53 MP: 5/5
  2622 | D:4      | Noticed Blork the orc
  2622 | D:4      | Noticed a slave
  2623 | D:4      | Noticed a slave
  2623 | D:4      | Noticed a slave
  2627 | D:4      | Noticed Pikel
  2644 | D:4      | Noticed a slave
  2723 | D:4      | Found a sand-covered staircase.
  2735 | Ossuary  | Entered an ossuary
  3105 | Ossuary  | Reached skill level 4 in Dodging
  3156 | Ossuary  | Reached skill level 5 in Unarmed Combat
  3446 | Ossuary  | Reached skill level 5 in Fighting
  3518 | Ossuary  | Reached XP level 7. HP: 31/61 MP: 6/6
  3772 | D:4      | Killed Pikel
  3772 | D:4      | Reached skill level 5 in Stealth
  3772 | D:4      | Reached skill level 6 in Unarmed Combat
  3772 | D:4      | Reached XP level 8. HP: 29/70 MP: 7/7
  3921 | D:4      | Reached skill level 6 in Fighting
  3963 | D:4      | Reached skill level 5 in Dodging
  3983 | D:4      | Reached skill level 6 in Stealth
  4246 | D:4      | Noticed Natasha
  4256 | D:4      | Killed Natasha
  4258 | D:4      | Noticed Menkaure
  4268 | D:4      | Killed Menkaure
  4385 | D:4      | Found a sparkling altar of Nemelex Xobeh.
  4413 | D:5      | Entered Level 5 of the Dungeon
  4421 | D:5      | Noticed Grinder
  4439 | D:5      | Paralysed by Grinder for 6 turns
  4453 | D:5      | Killed Grinder
  4506 | D:5      | Found a sacrificial altar of Ru.
  4705 | D:5      | Noticed Prince Ribbit
  4866 | D:4      | Noticed Natasha
  4867 | D:5      | Noticed Eustachio
  4876 | D:4      | Killed Natasha
  4876 | D:4      | Killed from afar by a gnoll

Vanquished Creatures
  Pikel (D:4)
  Grinder (D:5)
  Menkaure (D:4)
  An ogre (D:4)
  A phantom (D:4)
  A centaur (D:5)
  3 wights (D:4)
  An orc wizard (D:5)
  3 centaur skeletons (D:4)
  A bullfrog skeleton (D:2)
  A worker ant (D:4)
  Natasha (D:4)
  A hound skeleton (D:4)
  13 mummies (Ossuary)
  A gnoll (D:4)
  6 adders
  An ooze (D:4)
  An adder skeleton (D:4)
  4 worms
  2 dart slugs
  3 leopard geckos
  16 orcs
  A ball python (D:5)
  5 giant cockroaches
  12 goblins
  7 hobgoblins
  5 jackals
  3 quokkas
  6 bats
  7 frilled lizards
  A gnoll skeleton (Ossuary)
  2 goblin skeletons (Ossuary)
  3 kobolds (D:1)
  3 kobold skeletons (Ossuary)
  2 orc skeletons (Ossuary)
  8 rats
  11 rat skeletons (Ossuary)
140 creatures vanquished.

Vanquished Creatures (others)
  2 slaves (D:4)
2 creatures vanquished.

Grand Total: 142 creatures vanquished
